 Dungeon Crawl Stone Soup version 0.28.0 (webtiles) character file.

Game seed: 11459481985187113012

47 zeram the Caller (level 3, -6/21 HPs)
             Began as an Octopode Summoner on Feb 13, 2022.
             Mangled by a gnoll sergeant (15 damage)
             ... on level 2 of the Dungeon.
             The game lasted 00:03:22 (2457 turns).

zeram the Caller (Octopode Summoner)                Turns: 2457, Time: 00:03:22

Health: -6/21      AC:  1    Str:  7    XL:     3   Next: 70%
Magic:  4/6        EV: 13    Int: 19    God:
Gold:   70         SH:  0    Dex: 12    Spells: 1/7 levels left

rFire   . . .      SeeInvis +   d - +0 whip
rCold   . . .      Faith    .   (no shield)
rNeg    . . .      Spirit   .   (helmet restricted)
rPois   .          Reflect  .   (no amulet)
rElec   .          Harm     .   g - ring of see invisible
rCorr   .          Rampage  .   (no ring)
Will    .....                   (no ring)
Stlth   +++.......              (no ring)
HPRegen 0.07/turn               (no ring)
MPRegen 0.10/turn               (no ring)
                                (no ring)
                                (no ring)

@: no status effects
A: almost no armour, amphibious, 8 rings, camouflage 1, gelatinous body 1,
(nimble swimmer 1), tentacles
a: no special abilities


You were on level 2 of the Dungeon.
You visited 1 branch of the dungeon, and saw 3 of its levels.

You collected 70 gold pieces.

Inventory:

Hand Weapons
 a - a +0 club
 d - a +0 whip (weapon)
Jewellery
 b - an amulet of guardian spirit
 g - a ring of see invisible (left tentacle)
Wands
 c - a wand of acid (7)
Potions
 e - a potion of flight {unknown}
 f - 2 potions of heal wounds {unknown}
 i - a potion of curing {unknown}


   Skills:
 + Level 2.3 Dodging
 - Level 2.6 Stealth
 + Level 2.5 Spellcasting
 + Level 4.8 Summonings


You had one spell level left.
You knew the following spells:

 Your Spells              Type           Power      Damage    Failure   Level
a - Summon Small Mammal   Summ           80%        N/A       2%          1
b - Call Imp              Summ           20%        N/A       3%          2
c - Call Canine Familiar  Summ           20%        N/A       7%          3

Your spell library contained the following spells:

 Spells                   Type           Power      Damage    Failure   Level
 Summon Guardian Golem    Hex/Summ       11%        N/A       19%         3
 Summon Lightning Spire   Summ/Air       11%        N/A       52%         4


Dungeon Overview and Level Annotations

Branches:
Dungeon (3/15)

Altars:


Innate Abilities, Weirdness & Mutations

You cannot wear most types of armour.
You are amphibious.
You can wear up to eight rings at the same time.
Your skin changes colour to match your surroundings (Stealth+).
Your rubbery body absorbs attacks. (AC +1, EV +1)
((You are camouflaged when in or above water. (Stealth+)))
You have tentacles for arms and can constrict up to eight enemies at once.


Message History

Done exploring.
Done exploring.
Done exploring.
Done exploring.
No target in view!
No target in view!
As you read the scroll labelled BEFEAS POCYSH, it crumbles to dust.
You feel momentarily disoriented.
It was a scroll of magic mapping.
Done exploring.
Done exploring.
Done exploring.
(D) Dungeon
Where to? (Enter - D:2, ? - help)
You see here a +0 whip.
There is a stone staircase leading down here.
You climb downwards.
Found 25 stones.
There is a stone staircase leading up here.
There are monsters nearby!
There are monsters nearby!
There are monsters nearby!
There are monsters nearby!
The helpless gnoll sergeant fails to defend itself.
You hit the gnoll sergeant but do no damage.
You grab the gnoll sergeant.
You constrict the gnoll sergeant, but do no damage.
The gnoll sergeant escapes!
The gnoll shouts! x3
The gnoll closely misses you.
The gnoll sergeant hits you with a +0 spear!
Ouch! That really hurt!
You climb upwards.
There is a stone staircase leading down here.
Casting: Call Imp (safe; 3% risk of failure)
Confirm with . or Enter, or press ? or * to list all spells.
A beastly little devil appears in a puff of flame.
The gnoll sergeant completely misses you.
The gnoll sergeant hits you from afar with a +0 spear!
Ouch! That really hurt!
You die...

###.....####.<..#####..######
#.......#.....####...........
#..................###.######
#..................###.######
#....#..#######..#..........#
#....#..### ##............#
######....#### #.##.........#
#.....5..###.##.).......#
#......#@..#.##..........
#......>##.#............#
#.....g.##...#...........
#^.......................
#......#####........#....
#......# ######....##..
#....<.# ##....... ##.######
#....### ##..# #.##.###


You could see a gnoll sergeant (ally target) and a friendly crimson imp
(summoned).

Vanquished Creatures
  2 dart slugs (D:1)
  2 ball pythons (D:2)
  A bat (D:2)
  2 endoplasms (D:2)
  2 giant cockroaches (D:1)
  A goblin (D:1)
  4 hobgoblins
  2 jackals (D:1)
  A quokka (D:1)
  A frilled lizard (D:1)
  A kobold (D:1)
  9 rats
28 creatures vanquished.

Vanquished Creatures (collateral kills)
  An endoplasm (D:1)
  2 hobgoblins
  2 jackals (D:1)
  A kobold (D:2)
  A quokka (D:1)
  A bat (D:1)
  3 goblins (D:1)
11 creatures vanquished.

Grand Total: 39 creatures vanquished

Notes
Turn   | Place    | Note
-------+----------+-------------------------------------------
     0 | D:1      | zeram the Octopode Summoner began the quest for the Orb.
     0 | D:1      | Reached XP level 1. HP: 11/11 MP: 3/3
   194 | D:1      | Reached XP level 2. HP: 8/17 MP: 0/5
  1198 | D:1      | Reached XP level 3. HP: 18/21 MP: 6/6
  1793 | D:2      | Learned a level 2 spell: Call Imp
  1797 | D:2      | Learned a level 3 spell: Call Canine Familiar
  2452 | D:3      | Noticed a gnoll sergeant
  2457 | D:2      | Mangled by a gnoll sergeant

Illustrated notes

Levels and vault maps discovered:
D:1:      dpeg_arrival_ratfight, layout_loops_ring, chequers_avenue
D:2:      layout_rooms
D:3:      layout_rooms, corexii_corridor_pit, uniq_crazy_yiuf_cottage

Action                   || total
-------------------------++-------
Melee: Unarmed           ||    18
       Tentacles         ||    15
       Constrict         ||    23
       Club              ||    10
       Whip              ||    37
       Punch             ||     1
 Cast: Summon Small Mamm ||    24
       Call Imp          ||     8
  Use: Scroll            ||     3
 Stab: Sleeping          ||     9
       Distracted        ||     1
Armor: Skin              ||     4
Dodge: Dodged            ||    39
